 Dungeon Crawl Stone Soup version 0.31-a0-426-g3a05650e59 (webtiles) character file.

Game seed: 621770805423586200

205617 Midn8 the Marksdemonspawn (level 18, -4/151 HPs)
             Began as a Demonspawn Conjurer on July 29, 2023.
             Was the Champion of Vehumet.
             Killed from afar by Aizul (37 damage)
             ... with a poison arrow
             ... on level 4 of the Snake Pit on July 30, 2023.
             The game lasted 01:56:05 (39847 turns).

Midn8 the Marksdemonspawn (Demonspawn Conjurer)    Turns: 39847, Time: 01:56:06

Health: -4/151     AC: 17    Str:  8    XL:     18   Next: 4%
Magic:  22/31      EV: 28    Int: 29    God:    Vehumet [******]
Gold:   1719       SH:  0    Dex: 14    Spells: 3/35 levels left

rFire   + . .        m - +6 arbalest "Damnation" {damnation}
rCold   . . .        (shield currently unavailable)
rNeg    . . .        L - +3 leather armour {rF+}
rPois   .            (helmet restricted)
rElec   .            R - +2 cloak
rCorr   .            x - +2 pair of gloves
SInv    .            Q - +2 pair of slick slippers {slick, slippery, EV+4}
Will    +....        q - amulet of faith
Stlth   ++           D - +6 ring of intelligence
HPRegen 0.45/turn    h - +5 ring of evasion
MPRegen 0.22/turn

%: faith
@: agile, lethally poisoned (-4 -> -36)
A: horns 2, icy blue scales 2, powered by pain 2, spiny 2, corrupting presence
1, dopey 1
}: 1/15 runes: decaying
a: Renounce Religion


You were on level 4 of the Snake Pit.
You worshipped Vehumet.
Vehumet was exalted by your worship.
You visited 6 branches of the dungeon, and saw 31 of its levels.
You visited the Abyss 1 time.
You also visited: Ossuary.

You collected 3049 gold pieces.
You spent 1330 gold pieces at shops.

Inventory:

Hand Weapons
 d - the +10 longbow of Makhleb's Scorn {elec, rCorr}
   (You found it on level 4 of the Lair of Beasts)

   rCorr:     It protects you from acid and corrosion.
 m - the +6 arbalest "Damnation" (weapon) {damnation}
   (You acquired it on level 11 of the Dungeon)
Missiles
 l - 2 atropa-tipped darts
 v - 11 curare-tipped darts
 y - 12 poisoned darts
 H - 10 boomerangs
 K - a throwing net
Armour
 x - a +2 pair of gloves (worn)
 L - a +3 leather armour of fire resistance (worn)
 Q - the +2 pair of slick slippers (worn) {slick, slippery, EV+4}
   (You found it on level 8 of the Dungeon)

   Slick:     Its wearer cannot be constricted, engulfed, netted or webbed.
   Slippery:  Its wearer slips away from damaging melee attacks, pulling the
   attacker onward.
   EV:        It affects your evasion (+4).
 R - a +2 cloak (worn)
 T - a +3 buckler of reflection
Magical Staves
 E - a staff of fire
Jewellery
 c - a ring of flight
 h - a +5 ring of evasion (right hand)
 q - an amulet of faith (around neck)
 D - a +6 ring of intelligence (left hand)
 S - a ring of protection from cold
Wands
 a - a wand of acid (12)
 t - a wand of mindburst (18)
 A - a wand of polymorph (16)
 B - a wand of flame (43)
 O - a wand of paralysis (28)
 V - a wand of digging (24)
 X - a wand of iceblast (10)
Scrolls
 e - 3 scrolls of brand weapon
 f - a scroll of identify
 i - 15 scrolls of teleportation
 j - 4 scrolls of fog
 p - 2 scrolls of amnesia
 r - 6 scrolls of immolation
 s - 5 scrolls of fear
 w - 8 scrolls of silence
 I - 3 scrolls of enchant armour
 P - 3 scrolls of revelation
 W - a scroll of butterflies
 Y - 6 scrolls of blinking
Potions
 b - 4 potions of magic
 g - 3 potions of mutation
 k - 5 potions of cancellation
 n - 4 potions of brilliance
 u - a potion of invisibility
 z - 2 potions of resistance
 C - a potion of ambrosia
 F - 4 potions of berserk rage
 G - 3 potions of might
 J - 4 potions of enlightenment
 M - 2 potions of haste
 N - 3 potions of attraction
 U - a potion of heal wounds
 Z - 5 potions of curing
Miscellaneous
 o - a phial of floods


   Skills:
 + Level 15.7 Fighting
 - Level 3.1 Staves
 - Level 18.0 Ranged Weapons
 - Level 8.0 Dodging
 - Level 1.7 Stealth
 - Level 4.0 Shields
 - Level 9.2 Spellcasting
 - Level 10.0 Conjurations
 - Level 8.0 Hexes
 - Level 4.0 Translocations
 - Level 10.0 Fire Magic
 - Level 7.0 Poison Magic


You had 3 spell levels left.
You knew the following spells:

 Your Spells              Type           Power      Damage    Failure   Level
a - Magic Dart            Conj           100%       1d8       1%          1
b - Volatile Blastmotes   Fire/Tloc      100%       2d18      1%          3
c - Sticky Flame          Conj/Fire      63%        2d8       1%          4
e - Fireball              Conj/Fire      31%        3d13      1%          5
f - Fulminant Prism       Conj/Hex       30%        3d16      1%          4
g - Olgreb's Toxic Radia  Pois           52%        N/A       1%          4
p - Portal Projectile     Hex/Tloc       96%        N/A       1%          3
s - Plasma Beam           Fire/Air       21%        2x1d33    28%         6
B - Blink                 Tloc           72%        N/A       1%          2

Your spell library contained the following spells:

 Spells                   Type           Power      Damage    Failure   Level
 Ignition                 Fire           31%        3d10      82%         8
 Maxwell's Capacitive Co  Air            6%         ∞         100%        8
 Fire Storm               Conj/Fire      31%        8d8       100%        9
 Sandblast                Erth           26%        2d8       1%          1
 Slow                     Hex            100%       N/A       1%          1
 Sting                    Tmut/Pois      100%       1d8       1%          1
 Lesser Beckoning         Tloc           72%        N/A       1%          2
 Momentum Strike          Conj/Tloc      100%       3d10      1%          2
 Poisonous Vapours        Pois/Air       66%        N/A       1%          2
 Searing Ray              Conj           100%       2d8       1%          2
 Confusing Touch          Hex            56%        N/A       1%          3
 Dazzling Flash           Conj/Hex       100%       N/A       1%          3
 Inner Flame              Hex/Fire       60%        N/A       1%          3
 Mephitic Cloud           Conj/Pois/Air  46%        N/A       1%          3
 Stone Arrow              Conj/Erth      84%        3d12      1%          3
 Frozen Ramparts          Ice            26%        1d4       5%          3
 Necrotise                Necr           52%        1d6       6%          1
 Passwall                 Tmut/Erth      10%        N/A       9%          2
 Call Canine Familiar     Summ           13%        N/A       19%         3
 Ozocubu's Armour         Ice            13%        N/A       19%         3
 Vampiric Draining        Necr           13%        2d6       19%         3
 Flame Wave               Conj/Fire      63%        2d15      1%          4
 Iskenderun's Mystic Bla  Conj/Tloc      52%        2d11      1%          4
 Yara's Violent Unravell  Hex/Tmut       18%        3d9       9%          5
 Freezing Cloud           Conj/Ice/Air   16%        6-21      11%         5
 Leda's Liquefaction      Hex/Erth       18%        N/A       12%         4
 Metabolic Englaciation   Hex/Ice        18%        N/A       32%         5
 Silence                  Hex/Air        18%        N/A       32%         5
 Alistair's Intoxication  Tmut/Pois      22%        N/A       36%         5
 Eringya's Noxious Bog    Tmut/Pois      16%        4d6       45%         6
 Animate Dead             Necr           13%        N/A       52%         4
 Petrify                  Tmut/Erth      13%        N/A       52%         4
 Agony                    Necr           13%        N/A       86%         5
 Borgnjor's Vile Clutch   Necr/Erth      6%         N/A       86%         5
 Enfeeble                 Hex            28%        N/A       88%         7
 Death Channel            Necr           6%         N/A       100%        6
 Ozocubu's Refrigeration  Ice            6%         4d8       100%        7


Dungeon Overview and Level Annotations

Branches:
Dungeon (15/15)            Temple (1/1) D:4            Lair (5/5) D:8
  Swamp (4/4) Lair:2        Snake (4/4) Lair:3        Slime (0/5) Lair:5
    Orc (2/2) D:12            Elf (0/3) Orc:2        Vaults (0/5) D:13
Ossuary (visited)
 Depths: D:15

Altars:
Ashenzari
Cheibriados
Dithmenos
Fedhas
Gozag
Hepliaklqana
Kikubaaqudgha
Makhleb
Nemelex Xobeh
Okawaru
Qazlal
Ru
Sif Muna
Trog
Uskayaw
Vehumet
Wu Jian
Xom
Yredelemnul
Jiyva

Shops:
D:4 =   D:5 ?   D:12 [(   Orc:2 **?:   Snake:3 ([(=

Portals:
Hell: Lair:5

Annotations:
D:8 Joseph
Lair:5 1 exclusion
Snake:4 exclusion: 2 doors, Aizul


Innate Abilities, Weirdness & Mutations

You have a pair of horns on your head.
You are mostly covered in icy blue scales. (AC +3)
You sometimes gain power by taking damage.
You are mostly covered in sharp spines.
Your presence sometimes corrodes those you injure.
You are dopey. (Int -2)


Message History

Aizul casts a spell at you. The bolt of poison hits you!!
You are more poisoned.
A salamander mystic comes into view. It is wielding a +1 dagger of venom.
You are too injured to fight recklessly!
Unknown command.
Casting: Fireball (mildly dangerous; 1% risk of failure)
Confirm with . or Enter, or press ? or * to list all spells.
Aiming: Fireball (mildly dangerous; 1% risk of failure)
Press: ? - help, Shift-Dir - straight line, f/p - Aizul
Aim: Aizul (heavily wounded, covered in acid)
The fireball explodes!
The fireball engulfs Aizul!!
Aizul is heavily wounded.
You feel very sick.
Aizul coils herself and waves her upper body at you.
The bolt of poison hits you!!
You are more poisoned.
A naga comes into view.
It is wielding a +0 dire flail and carrying a wand of mindburst.
You feel better.
Aizul coils herself and waves her upper body at you.
The bolt of poison hits you!!
You are poisoned.
* * * LOW HITPOINT WARNING * * *
Casting: Fireball (mildly dangerous; 1% risk of failure)
Confirm with . or Enter, or press ? or * to list all spells.
Okay, then.
Casting: Fireball (mildly dangerous; 1% risk of failure)
Confirm with . or Enter, or press ? or * to list all spells.
Aiming: Sticky Flame (safe; 1% risk of failure)
Press: ? - help, Shift-Dir - straight line, f/p - Aizul
Aim: Aizul (heavily wounded, covered in acid)
The sticky flame hits Aizul!
Aizul is severely wounded.
Aizul is covered in liquid flames!
You feel very sick.
Aizul burns!
Aizul is no longer covered in acid.
Aizul coils herself and waves her upper body at you.
The poison arrow hits you!!!
You are more poisoned.
You die...

**,,,* ***,,*#.## ###.#####.
,,,*,** **,***#..# #.#.....
,,*,,,** **,** #..## ##..###.
,,,,,*,***,** #...## #.### ##
,,,****,,,** #....#####)# #
,,,,****,** #.#........#* #
**,,,***,,** ##......####.#*
***,,,,*,,,** #......## *..#*##
****,,,,,,,,***#@####.##***...##.
,* **,,,,......S.# ##.#*,,.#.##'
,** **,,,........# #.#*,*'###..
,,***,,,,........#***###,,,..*#..
,,,,,,,,,.........**,,,*,,...*#..
,,**,,,,,.(.N.....,,,*,*,,N.,*#..
******,,,....##...,,,,,**,.⌠.,#..
* *,,,...N*#....,,*,,*,.NN.#.. **
**,,**,,,,*,,,,,*,,,**.N.....


You could see Aizul (burning), a salamander mystic and a naga.

Vanquished Creatures
  Bai Suzhen (Swamp:3)
  Vashnia (Snake:4)
  Nikola (Swamp:3)
  A tentacled monstrosity (Swamp:4)
  Mlioglotl (Snake:2)
  A lich (Abyss:2)
  Donald (Swamp:3)
  6 fenstrider witches
  3 nagarajas
  An orc warlord (D:13)
  A ghoul (Swamp:4)
  A reaper (Swamp:4)
  An eleionoma (Swamp:3)
  Azrael (D:14)
  A dire elephant (D:15)
  3 bunyips
  A blizzard demon (Swamp:4)
  Snorg (D:14)
  2 shambling mangroves
  An entropy weaver (shapeshifter) (D:14)
  Josephine (Lair:4)
  2 salamander tyrants
  8 alligators
  15 hydras
  9 two-headed ogres
  2 ghost crabs
  6 anacondas
  A catoblepas (Lair:5)
  5 centaur warriors
  An ogre mage (D:15)
  8 naga warriors
  A boulder beetle (D:12)
  2 orc high priests
  5 shock serpents
  Urug (D:11)
  A wretched star (Abyss:2)
  10 naga sharpshooters
  Sonja (Orc:2)
  A soul eater (Swamp:4)
  Nergalle (Lair:2)
  4 skysharks
  3 skeletal warriors (D:14)
  2 sea snakes (Snake:2)
  3 sixfirhies
  4 spriggan druids
  A salamander mystic (Snake:4)
  8 goliath frogs
  4 naga ritualists
  2 lindwurms
  5 bog bodies
  A swamp dragon (Swamp:4)
  5 orc knights
  3 wizards
  A deep elf pyromancer (Swamp:4)
  2 large abominations (Abyss:2)
  11 orc sorcerers
  7 ugly things
  7 mana vipers
  6 will-o-the-wisps
  5 cyclopes
  A wolf spider (D:15)
  6 manticores
  15 salamanders
  31 black mambas
  2 guardian serpents
  Maurice (D:11)
  2 torpor snails
  14 naga magi
  9 elephants
  A gargoyle (D:11)
  A dire elephant zombie (Abyss:2)
  2 smoke demons
  7 cane toads
  Maggie (Lair:2)
  An efreet (D:13)
  An unseen horror (shapeshifter) (Abyss:2)
  10 orange demons
  An unseen horror (D:12)
  5 rime drakes
  5 ice devils
  A kobold demonologist (D:13)
  9 komodo dragons
  A tengu conjurer (D:14)
  2 freezing wraiths
  A queen bee (Lair:3)
  5 red devils
  9 trolls
  7 polar bears
  13 tyrant leeches
  2 hellwings
  7 hornets
  3 meliai (D:10)
  12 blink frogs
  A dream sheep (Lair:5)
  3 raiju (Abyss:2)
  12 slime creatures
  A shadow (D:9)
  A centaur simulacrum (D:14)
  5 spriggans
  A water elemental (D:11)
  15 humans
  43 yaks
  7 basilisks
  3 wyverns
  A golden eye (shapeshifter) (D:14)
  6 wraiths
  2 fire elementals (D:14)
  A golden eye (Abyss:2)
  3 neqoxecs
  2 steam dragons
  16 vampire mosquitoes
  2 chaos spawn (Swamp:4)
  3 acid dragons
  5 wargs (Orc:2)
  20 swamp worms
  27 nagas
  7 hell hounds
  14 water moccasins
  A black bear (Lair:4)
  An ice beast (D:6)
  A swamp drake (Swamp:3)
  2 sky beasts
  31 orc warriors
  8 ogres
  3 small abominations (Abyss:2)
  23 wolves
  A boggart (D:13)
  14 centaurs
  A phantom (D:5)
  3 kobold brigands
  4 elf zombies (Ossuary)
  15 bullfrogs
  2 gnoll sergeants (D:9)
  3 earth elementals (D:9)
  3 wights (D:9)
  29 killer bees
  4 electric eels
  5 howler monkeys
  4 hounds
  A quasit (Abyss:2)
  4 centaur zombies (Ossuary)
  4 human zombies (Ossuary)
  31 orc priests
  An iron imp (Abyss:2)
  4 iguanas
  23 orc wizards
  7 hell rats (Lair:1)
  3 mummies (Ossuary)
  6 adders
  11 gnolls
  A shadow imp (D:8)
  3 white imps
  4 ufetubi
  4 worms
  3 dart slugs
  60 orcs
  6 endoplasms
  4 giant cockroaches
  9 goblins
  4 hobgoblins
  4 quokkas
  7 ball pythons
  5 bats
  A frilled lizard (D:3)
  18 kobolds
  4 rats
  A spectral orc (D:3)
975 creatures vanquished.

Vanquished Creatures (others)
  A two-headed ogre (D:7)
  12 foxfires
  76 fulminant prisms
89 creatures vanquished.

Grand Total: 1064 creatures vanquished

Notes
Turn   | Place    | Note
-------+----------+-------------------------------------------
     0 | D:1      | Midn8 the Demonspawn Conjurer began the quest for the Orb.
     0 | D:1      | Reached XP level 1. HP: 13/13 MP: 3/3
   415 | D:1      | Gained mutation: You are partially covered in sharp spines.
                  | [demonic ancestry]
   415 | D:1      | Reached XP level 2. HP: 19/19 MP: 2/5
   536 | D:1      | Learned a level 2 spell: Searing Ray
  1205 | D:2      | Gained mutation: You are partially covered in icy blue
                  | scales. (AC +2) [demonic ancestry]
  1205 | D:2      | Reached XP level 3. HP: 24/24 MP: 3/7
  1364 | D:2      | Identified the +7 spear of Gauhezxa {holy, *Noise Will+
                  | Str+5}
  1680 | D:2      | Reached XP level 4. HP: 30/30 MP: 6/10
  2070 | D:3      | Found a shadowy altar of Dithmenos.
  2672 | D:3      | Found a basalt altar of Yredelemnul.
  2986 | D:4      | Learned a level 4 spell: Fulminant Prism
  3048 | D:4      | Reached skill level 5 in Conjurations
  3125 | D:4      | Reached XP level 5. HP: 35/35 MP: 6/11
  3348 | D:4      | Found Pynwiocs's Jewellery Boutique.
  3534 | D:4      | Found a staircase to the Ecumenical Temple.
  3539 | Temple   | Entered the Ecumenical Temple
  3551 | Temple   | Became a worshipper of Vehumet
  3934 | D:4      | Gained mutation: You sometimes gain a little power by
                  | taking damage. [demonic ancestry]
  3934 | D:4      | Reached XP level 6. HP: 41/41 MP: 7/12
  4230 | D:5      | Entered Level 5 of the Dungeon
  4530 | D:5      | Reached skill level 1 in Hexes
  4712 | D:5      | Found Tayrhewye's Magic Scroll Boutique.
  4718 | D:5      | Bought a scroll of revelation for 97 gold pieces
  4718 | D:5      | Bought a scroll of teleportation for 39 gold pieces
  4718 | D:5      | Bought a scroll of teleportation for 39 gold pieces
  4718 | D:5      | Bought a scroll of identify for 26 gold pieces
  4788 | D:5      | Reached XP level 7. HP: 32/46 MP: 2/13
  5781 | D:6      | Reached * piety under Vehumet
  5781 | D:6      | Offered knowledge of Kiss of Death by Vehumet.
  5784 | D:6      | Reached skill level 5 in Hexes
  6196 | D:7      | Reached XP level 8. HP: 52/52 MP: 6/14
  6387 | D:7      | Noticed a two-headed ogre
  6401 | D:7      | Killed a two-headed ogre
  6414 | D:7      | Reached skill level 1 in Fighting
  6579 | D:7      | Learned a level 2 spell: Blink
  6736 | D:7      | Found a shimmering altar of Xom.
  7146 | D:7      | Found an ornate altar of the Wu Jian Council.
  7260 | D:8      | Reached XP level 9. HP: 65/65 MP: 6/15
  7362 | D:8      | Found a staircase to the Lair.
  7394 | D:8      | Found a sand-covered staircase.
  7400 | Ossuary  | Entered an ossuary
  7455 | Ossuary  | Offered knowledge of Poisonous Vapours by Vehumet.
  7559 | Ossuary  | Reached ** piety under Vehumet
  8107 | D:8      | Found the +2 pair of slick slippers {slick, slippery, EV+4}
  8496 | D:8      | Noticed Joseph
  8632 | D:9      | Noticed a two-headed ogre
  8638 | D:9      | Killed a two-headed ogre
  8639 | D:9      | Reached skill level 5 in Dodging
  8639 | D:9      | Reached skill level 5 in Spellcasting
  8848 | D:9      | Gained mutation: You are mostly covered in icy blue scales.
                  | (AC +3) [demonic ancestry]
  8848 | D:9      | Reached XP level 10. HP: 71/71 MP: 8/18
  9053 | D:9      | Offered knowledge of Scorch by Vehumet.
  9375 | D:9      | Reached skill level 5 in Fighting
  9406 | D:9      | Reached *** piety under Vehumet
 10085 | D:10     | Entered Level 10 of the Dungeon
 10179 | D:10     | Reached skill level 1 in Shields
 10216 | D:9      | Offered knowledge of Olgreb's Toxic Radiance by Vehumet.
 10222 | D:9      | Learned a level 4 spell: Olgreb's Toxic Radiance
 10529 | Lair:1   | Entered Level 1 of the Lair of Beasts
 10578 | Lair:1   | Reached skill level 1 in Poison Magic
 10585 | Lair:1   | Noticed a cane toad
 10596 | Lair:1   | Killed a cane toad
 10697 | Lair:1   | Noticed a cane toad
 10706 | Lair:1   | Killed a cane toad
 10813 | Lair:1   | Noticed a cane toad
 10823 | Lair:1   | Killed a cane toad
 10824 | Lair:1   | Reached skill level 5 in Poison Magic
 11056 | Lair:1   | Gained mutation: You have a pair of small horns on your
                  | head. [demonic ancestry]
 11056 | Lair:1   | Reached XP level 11. HP: 67/81 MP: 18/20
 11327 | Lair:1   | Reached **** piety under Vehumet
 11665 | Lair:1   | Learned a level 4 spell: Sticky Flame
 11739 | Lair:1   | Offered knowledge of Volatile Blastmotes by Vehumet.
 11748 | Lair:1   | Reached skill level 1 in Fire Magic
 11793 | Lair:1   | Learned a level 3 spell: Volatile Blastmotes
 12431 | Lair:1   | HP: 4/81 [poisoned by a black mamba]
 12672 | Lair:2   | Noticed a lindwurm
 12683 | Lair:2   | Killed a lindwurm
 12684 | Lair:2   | Reached skill level 5 in Fire Magic
 12954 | Lair:2   | Noticed an eight-headed hydra
 12989 | Lair:2   | Noticed Nergalle
 13025 | Lair:2   | Killed Nergalle
 13025 | Lair:2   | Reached ***** piety under Vehumet
 13026 | Lair:2   | Reached XP level 12. HP: 43/85 MP: 6/21
 13235 | Lair:2   | Offered knowledge of Fireball by Vehumet.
 13510 | Lair:2   | Noticed Maggie
 13520 | Lair:2   | Killed Maggie
 13644 | Lair:2   | Noticed an eight-headed hydra
 13801 | Lair:2   | Noticed an eight-headed hydra
 13831 | Lair:2   | Killed an eight-headed hydra
 14027 | Lair:2   | Killed an eight-headed hydra
 14095 | Lair:2   | Learned a level 5 spell: Fireball
 14427 | Lair:2   | Found a staircase to the Swamp.
 14809 | Lair:3   | Found a staircase to the Snake Pit.
 15120 | Lair:3   | Noticed a seven-headed hydra
 15125 | Lair:3   | Killed a seven-headed hydra
 16188 | Lair:3   | Reached skill level 10 in Conjurations
 16197 | Lair:3   | Gained mutation: You are mostly covered in sharp spines.
                  | [demonic ancestry]
 16197 | Lair:3   | Reached XP level 13. HP: 92/96 MP: 25/25
 16591 | Lair:4   | Reached skill level 10 in Fire Magic
 16994 | Lair:4   | Reached skill level 1 in Staves
 17451 | Lair:4   | Identified the +10 longbow of Makhleb's Scorn {elec, rCorr}
 17504 | Lair:4   | Offered knowledge of Ozocubu's Refrigeration by Vehumet.
 17626 | Lair:4   | Reached skill level 1 in Ranged Weapons
 17907 | Lair:4   | Noticed Josephine
 17923 | Lair:4   | Killed Josephine
 17924 | Lair:4   | Reached skill level 2 in Ranged Weapons
 18272 | Lair:5   | Entered Level 5 of the Lair of Beasts
 18275 | Lair:5   | Reached skill level 3 in Ranged Weapons
 18507 | Lair:5   | Reached skill level 4 in Ranged Weapons
 18642 | Lair:5   | Reached skill level 5 in Ranged Weapons
 18875 | Lair:5   | Reached skill level 6 in Ranged Weapons
 19070 | Lair:5   | Reached skill level 7 in Ranged Weapons
 19407 | Lair:5   | Reached skill level 8 in Ranged Weapons
 19966 | Lair:5   | Reached skill level 9 in Ranged Weapons
 19966 | Lair:5   | Gained mutation: You have a pair of horns on your head.
                  | [demonic ancestry]
 19966 | Lair:5   | Reached XP level 14. HP: 81/105 MP: 16/26
 20134 | Lair:5   | Found a viscous altar of Jiyva.
 20135 | Lair:5   | Found a staircase to the Slime Pits.
 20362 | Lair:5   | Found a burning altar of Makhleb.
 20368 | Lair:5   | Found a gateway to Hell.
 20688 | D:9      | Offered knowledge of Plasma Beam by Vehumet.
 20911 | D:10     | Found an opulent altar of Gozag.
 21503 | D:10     | Found a snail-covered altar of Cheibriados.
 21505 | D:10     | Found an ancient bone altar of Kikubaaqudgha.
 21505 | D:10     | Found a blossoming altar of Fedhas.
 21506 | D:10     | Found a shimmering blue altar of Sif Muna.
 22085 | D:11     | Noticed Urug
 22089 | D:11     | Killed Urug
 22441 | D:11     | Learned a level 6 spell: Plasma Beam
 22442 | D:11     | Identified a scroll of acquirement
 22517 | D:11     | Acquired the +6 arbalest "Damnation" {damnation}
 22517 | D:11     | Found the +6 arbalest "Damnation" {damnation}
 22837 | D:11     | Noticed Maurice
 22839 | D:11     | Killed Maurice
 22982 | D:12     | Found Cuok's Armour Shoppe.
 22982 | D:12     | Found a staircase to the Orcish Mines.
 22982 | D:12     | Found Fopeidd's Weapon Shoppe.
 22999 | D:12     | Bought 6 curare-tipped darts for 100 gold pieces
 23308 | D:12     | Reached skill level 10 in Ranged Weapons
 23774 | D:13     | Found a gate to the Vaults.
 23806 | Orc:1    | Entered Level 1 of the Orcish Mines
 24284 | Orc:1    | Offered knowledge of Irradiate by Vehumet.
 24413 | Orc:2    | Entered Level 2 of the Orcish Mines
 24413 | Orc:2    | Noticed Sonja
 24416 | Orc:2    | Killed Sonja
 24523 | Orc:2    | Reached skill level 11 in Ranged Weapons
 24794 | Orc:2    | Found a staircase to the Elven Halls.
 24842 | Orc:2    | Found Oteil's Assorted Antiques.
 24842 | Orc:2    | Found Wugianil's General Store.
 24843 | Orc:2    | Found Ysme's Book Shoppe.
 24847 | Orc:2    | Found Myenuny's Magic Scroll Shoppe.
 24850 | Orc:2    | Bought a scroll of teleportation for 87 gold pieces
 24851 | Orc:2    | Bought a scroll of enchant armour for 120 gold pieces
 25184 | D:4      | Bought a +5 ring of evasion for 432 gold pieces
 25395 | D:12     | Reached skill level 12 in Ranged Weapons
 25554 | D:13     | Reached ****** piety under Vehumet
 25612 | D:13     | Noticed an orc warlord
 25630 | D:13     | Killed an orc warlord
 25630 | D:13     | Offered knowledge of Starburst by Vehumet.
 26003 | D:13     | Reached XP level 15. HP: 115/115 MP: 28/28
 26034 | D:13     | Reached skill level 10 in Fighting
 26764 | D:14     | Noticed Azrael
 26779 | D:14     | Killed Azrael
 26783 | D:14     | Reached skill level 13 in Ranged Weapons
 27398 | D:14     | Noticed Snorg
 27405 | D:14     | Killed Snorg
 27493 | D:14     | Offered knowledge of Spellforged Servitor by Vehumet.
 27918 | D:15     | Entered Level 15 of the Dungeon
 28015 | D:15     | Found an opulent altar of Gozag.
 28040 | D:15     | Reached skill level 14 in Ranged Weapons
 28489 | Swamp:1  | Entered Level 1 of the Swamp
 28923 | Orc:2    | Bought a book of the Hunter for 390 gold pieces
 28927 | Orc:2    | Learned a level 3 spell: Portal Projectile
 29848 | Swamp:2  | Gained mutation: Your presence sometimes corrodes those you
                  | injure. [demonic ancestry]
 29848 | Swamp:2  | Reached XP level 16. HP: 72/127 MP: 29/29
 30016 | Swamp:2  | Offered knowledge of Conjure Ball Lightning by Vehumet.
 30123 | Swamp:2  | Reached skill level 15 in Ranged Weapons
 30762 | Swamp:3  | Noticed Nikola
 30772 | Swamp:3  | Killed Nikola
 31083 | Swamp:3  | Noticed Donald
 31092 | Swamp:3  | Killed Donald
 31093 | Swamp:3  | Reached skill level 16 in Ranged Weapons
 31160 | Swamp:3  | Noticed Bai Suzhen
 31345 | Swamp:3  | Killed Bai Suzhen
 31780 | Swamp:4  | Entered Level 4 of the Swamp
 31827 | Swamp:4  | Noticed a tentacled monstrosity
 32022 | Swamp:4  | Killed a tentacled monstrosity
 32464 | Swamp:3  | Offered knowledge of Fire Storm by Vehumet.
 32464 | Swamp:3  | Offered knowledge of Ignition by Vehumet.
 32464 | Swamp:3  | Offered knowledge of Maxwell's Capacitive Coupling by
                  | Vehumet.
 32609 | Abyss:2  | Cast into level 2 of the Abyss (a wizard)
 32615 | Abyss:2  | Found a stormy altar of Qazlal.
 32724 | Abyss:2  | Found a corrupted altar of Lugonu.
 32732 | Abyss:2  | Noticed a lich
 32737 | Abyss:2  | Killed a lich
 32835 | Abyss:2  | Found a corrupted altar of Lugonu.
 32859 | Abyss:2  | Gained mutation: You are dopey. (Int -2) [a neqoxec]
 32904 | Abyss:2  | Found a corrupted altar of Lugonu.
 32943 | Abyss:2  | Found a corrupted altar of Lugonu.
 33020 | Swamp:4  | Escaped the Abyss
 33558 | Swamp:4  | Paralysed by a fenstrider witch for 4 turns
 33907 | Swamp:4  | Reached XP level 17. HP: 124/138 MP: 30/30
 34231 | Swamp:4  | Got a decaying rune of Zot
 34728 | Snake:1  | Entered Level 1 of the Snake Pit
 35368 | Snake:1  | Identified the +4 flail of the Yoke {distort, rElec rN+
                  | Int-2 Dex+4}
 35596 | Snake:1  | Reached skill level 17 in Ranged Weapons
 36044 | Snake:2  | Upgraded the game from 0.31-a0-408-gb642c7f9a3 to
                  | 0.31-a0-426-g3a05650e59
 36271 | Snake:2  | Noticed Mlioglotl
 36279 | Snake:2  | Killed Mlioglotl
 36776 | Snake:2  | Identified the +9 mace of Fresh Defiance {protect, Will+
                  | Dex+3}
 37289 | Snake:2  | Reached skill level 18 in Ranged Weapons
 37581 | Snake:3  | Found Bew Puaj's Armour Shop.
 37584 | Snake:3  | Found Usoinai's Jewellery Boutique.
 37584 | Snake:3  | Found Vunoell's Weapon Shop.
 37597 | Snake:3  | Found Qoirha's Weapon Boutique.
 38636 | Snake:4  | Entered Level 4 of the Snake Pit
 38921 | Snake:4  | Noticed Vashnia
 38930 | Snake:4  | Killed Vashnia
 38931 | Snake:4  | Reached skill level 15 in Fighting
 39599 | Snake:4  | Gained mutation: You sometimes gain power by taking damage.
                  | [demonic ancestry]
 39599 | Snake:4  | Reached XP level 18. HP: 121/149 MP: 31/31
 39838 | Snake:4  | Noticed Aizul
 39847 | Snake:4  | Killed from afar by Aizul

Illustrated notes

Levels and vault maps discovered:
D:1:      dpeg_arrival_chambers_temple_mockup, layout_rooms, st_stairs_1,
          chequers_serial_rivers_marsh, minmay_tree_intersection,
          grunt_decor_arrowhead, minmay_splitting_lines, kennysheep_doodads,
          minmay_tromino_v4_b
D:2:      layout_rooms
D:3:      layout_loops_corners, yredelemnul_forgotten_temple_becter,
          nicolae_dithmenos_through_a_glass_darkly, minmay_box_of_dots
D:4:      layout_loops_ring, nicolae_tso_swordbearing_angel, temple_doors_e,
          serial_shops, nicolae_diamond_shop
D:5:      layout_basic, serial_shops, nicolae_shop_advertising_works
          [nicolae_subvault_shop_adworks], minmay_misc_feat_doors, minivault_26
D:6:      layout_loops_ring
D:7:      lemuel_ice_spiral_2, layout_rooms, nicolae_wu_jian_wuxing_cycle,
          xom_teletrap_fun, minmay_misc_feat_diagonals,
          chequers_serial_rivers_large_a, grunt_decor_mini_mirrors,
          hangedman_decor_lopped
D:8:      layout_loops_ring, lair_entry_dummy, enter_ossuary_3, uniq_joseph
D:9:      layout_irregular_city
D:10:     minmay_stone_box, layout_loops_ring, nicolae_gozag_seed_capital,
          minitemple
D:11:     layout_basic, uniq_urug, uniq_maurice
D:12:     layout_basic, orc_david_3
D:13:     orc_temple, layout_gridville, david_vaults_3, palyth_stone_intersect
D:14:     layout_irregular_city, nicolae_hexahallways, uniq_azrael, uniq_snorg
D:15:     hangedman_depths_entry_try_elsewhere_first, layout_irregular_city,
          lemuel_round_altar, minmay_beelzebubs_servants
Temple:   jpeg_temple_clearing
Lair:1:   layout_cave_pods, serial_bayou_pond_c, serial_bayou_shore_b
Lair:2:   layout_chaotic_city, palyth_hydra_swamp_entry,
          portal_ice_cave_demonic_guard, uniq_maggie, uniq_nergalle
Lair:3:   regret_index_wax_grids, layout_misc_corridors,
          guppyfry_snake_entry_island, eino_small_chamber_without_monster
Lair:4:   layout_long_grid, serial_rivers, chequers_serial_rivers_micro_c,
          chequers_serial_rivers_micro_d, chequers_serial_rivers_micro_a,
          chequers_serial_rivers_micro_c, chequers_serial_rivers_small_b,
          chequers_serial_rivers_room_b, uniq_josephine
Lair:5:   evil_forest, layout_regular_city, slime_entry_1
Swamp:1:  layout_basic_swamp, nicolae_swamp_long_stream, swamp_pool3,
          st_swamp_ruins_3, infiniplex_staircase_pool
Swamp:2:  layout_basic_swamp, evilmike_swamp_ruin_rubble_2,
          infiniplex_staircase_pool_2
Swamp:3:  layout_basic_swamp, serial_swamp_ruin, evilmike_swamp_ruin_house_5,
          evilmike_swamp_ruin_house_1, uniq_bai_suzhen, uniq_donald, uniq_nikola
Swamp:4:  nzn_swamp_witches_coven, layout_basic_swamp, hangedman_swamp_ruin_hall
Snake:1:  nicolae_snake_hallway, layout_rooms, serial_curves, eino_curves_01,
          eino_curves_03, drop_trap
Snake:2:  layout_basic, serial_bayou_shore_a, uniq_mlioglotl
Snake:3:  layout_chambers, special_room, st_stairs_7,
          nicolae_snake_gridmaze_zigzag, minmay_shoptagon
Snake:4:  johnstein_snake_rune_scales, layout_layer_cave, grunt_megastairs_3,
          uniq_aizul, uniq_vashnia
Orc:1:    layout_caves
Orc:2:    st_orc_mages, layout_diamond_mine, uniq_sonja

Skill      XL: |  1  2  3  4  5  6  7  8  9 10 11 12 13 14 15 16 17 |
---------------+----------------------------------------------------+-----
Spellcasting   | 3 4 5 6 8 9 |  9.2
Conjurations   | 5 6 7 8 10 | 10.0
Hexes          | 2 6 7 8 |  8.0
Fighting       | 4 6 7 8 9 12 13 15 | 15.7
Translocations | 4 |  4.0
Dodging        | 5 8 |  8.0
Shields        | 2 4 |  4.0
Poison Magic   | 6 7 |  7.0
Fire Magic     | 7 9 10 | 10.0
Staves         | 3 |  3.1
Ranged Weapons | 9 12 14 16 18 | 18.0
Stealth        | |  1.7

Action                     |  1- 3 |  4- 6 |  7- 9 | 10-12 | 13-15 | 16-18 || total
---------------------------+-------+-------+-------+-------+-------+-------++-------
  Melee: Whip              |     8 |       |       |       |       |       ||     8
         Spear             |       |    36 |       |       |       |       ||    36
         Quarterstaff      |       |    11 |    48 |    17 |       |       ||    76
         Punch             |       |     1 |       |       |       |       ||     1
         Staff             |       |       |       |   114 |    22 |       ||   136
         Headbutt          |       |       |       |    13 |     8 |       ||    21
         Longbow           |       |       |       |       |       |     2 ||     2
   Fire: Longbow           |       |       |       |       |   189 |   143 ||   332
         Arbalest          |       |       |       |       |   507 |   557 ||  1064
   Cast: Magic Dart        |    72 |    49 |    43 |    20 |     1 |       ||   185
         Searing Ray       |     1 |    16 |    40 |    24 |    12 |       ||    93
         Fulminant Prism   |       |       |    18 |    50 |     6 |     2 ||    76
         Blink             |       |       |       |     4 |     7 |     1 ||    12
         Olgreb's Toxic Ra |       |       |       |    96 |    64 |     4 ||   164
         Fireball          |       |       |       |    17 |    42 |    22 ||    81
         Sticky Flame      |       |       |       |     8 |    13 |     1 ||    22
         Portal Projectile |       |       |       |       |     3 |     5 ||     8
  Evoke: Wand              |       |       |       |       |     2 |     4 ||     6
    Use: Scroll            |     3 |     5 |     3 |    13 |    14 |     9 ||    47
         Potion            |       |       |     2 |     1 |       |     4 ||     7
   Stab: Sleeping          |       |     1 |       |     1 |       |       ||     2
 Armour: Robe              |     1 |     8 |     8 |       |       |       ||    17
         Leather armour    |       |       |    32 |    88 |   115 |    77 ||   312
  Dodge: Dodged            |     7 |    21 |    71 |   231 |   305 |   246 ||   881
  Block: Buckler           |       |       |       |    95 |    21 |       ||   116

Table legend: (Time is in decaauts)
 A = Elapsed time spent in this place.
 B = Non-inter-level travel time spent in this place.
 C = Inter-level travel time spent in this place.
 D = Time resting spent in this place.
 E = Time spent auto-exploring this place.
 F = Levels seen in this place.
 G = Mean time per level.
                   A        B        C        D        E       F      G
               +--------+--------+--------+--------+--------+-----+--------+
         Total |  40591 |  37803 |   2788 |  14445 |  16131 |  33 | 1230.0 |
       Dungeon |  16866 |  15567 |   1299 |   5030 |   7757 |  15 | 1124.4 |
        Temple |     23 |     13 |     10 |      0 |      0 |   1 |   23.0 |
          Lair |  10727 |  10175 |    552 |   4646 |   3348 |   5 | 2145.4 |
         Swamp |   5635 |   5087 |    548 |   2682 |   1662 |   4 | 1408.8 |
     Snake Pit |   4975 |   4801 |    174 |   1522 |   2585 |   4 | 1243.8 |
  Orcish Mines |   1418 |   1214 |    204 |    208 |    779 |   2 |  709.0 |
         Abyss |    409 |    409 |      0 |      3 |      0 |   1 |  409.0 |
       Ossuary |    536 |    536 |      0 |    353 |      0 |   1 |  536.0 |
               +--------+--------+--------+--------+--------+-----+--------+

Top non-repeatable levels by time:
  Lair:3: 2727 daAuts
  Lair:5: 2322 daAuts
  Lair:1: 2226 daAuts
     D:9: 2087 daAuts
 Swamp:3: 2071 daAuts
  Lair:2: 2047 daAuts
 Snake:3: 1646 daAuts
 Snake:2: 1518 daAuts
 Swamp:4: 1448 daAuts
    D:14: 1410 daAuts
  Lair:4: 1404 daAuts
     D:4: 1228 daAuts
     D:6: 1209 daAuts
     D:1: 1187 daAuts
 Swamp:1: 1145 daAuts
